 Dungeon Crawl Stone Soup version 0.30-a0-1160-g6e42c06551 (webtiles) character file.

Game seed: 5739979849072115728

14842 Lobster4 the Destroyer (level 12, -1/89 HPs)
             Began as a Human Conjurer on Apr 26, 2023.
             Was a Priest of Nemelex Xobeh.
             Slain by a red ugly thing (12 damage)
             ... on level 11 of the Dungeon.
             The game lasted 00:48:56 (16242 turns).

Lobster4 the Destroyer (Human Conjurer)            Turns: 16242, Time: 00:48:57

Health: -1/89      AC:  9    Str: 10    XL:     12   Next: 50%
Magic:  19/30      EV: 26    Int: 22    God:    Nemelex Xobeh [***...]
Gold:   804        SH: 15    Dex: 11    Spells: 17/24 levels left

rFire   . . .        s - +4 rapier (venom)
rCold   . . .        p - +5 Storm Queen's Shield {shock, Fly rElec}
rNeg    . . .        h - +0 troll leather armour
rPois   .            t - +0 helmet
rElec   +            i - +1 cloak
rCorr   .            (no gloves)
SInv    .            S - +0 pair of boots
Will    .....        j - amulet of the acrobat
Stlth   ++           K - ring of magical power
HPRegen 1.14/turn    (no ring)
MPRegen 0.22/turn

%: acrobat
@: mighty, acrobatic, flying
A: no striking features
a: Renounce Religion, Draw Escape, Draw Destruction, Draw Summoning, Triple Draw


You were on level 11 of the Dungeon.
You worshipped Nemelex Xobeh.
Nemelex Xobeh was most pleased with you.
You visited 2 branches of the dungeon, and saw 12 of its levels.
You also visited: Bailey.

You collected 856 gold pieces.
You spent 52 gold pieces at shops.

Inventory:

Hand Weapons
 c - a +3 scimitar
 e - a +2 dagger of venom
 m - a +3 trident of protection
 s - a +4 rapier of venom (weapon)
 y - a +0 sling
 O - the +6 war axe of Xykiek {heavy, Str+3}
   (You found it in a bailey)

   Str:       It affects your strength (+3).
 Q - a +0 broad axe
Missiles
 n - 38 poisoned darts (quivered)
 H - 17 boomerangs
 N - 7 atropa-tipped darts
 R - a throwing net
Armour
 h - a +0 troll leather armour (worn)
 i - a +1 cloak (worn)
 p - the +5 Storm Queen's Shield (worn) {shock, Fly rElec}
   (You acquired it on level 6 of the Dungeon)

   Shock:     When it blocks an attack, it may electrocute the attacker.
   This works even against foes who are a short distance away.
   rElec:     It insulates you from electricity.
   Fly:       It grants you flight.
 t - a +0 helmet (worn)
 L - the +5 plate armour of Vlad {Regen+ rCorr Int+4}
   (You took it off a kobold in a bailey)

   Int:       It affects your intelligence (+4).
   Regen:     It increases your rate of health regeneration.
   rCorr:     It protects you from acid and corrosion.
 P - a +4 plate armour of poison resistance
 S - a +0 pair of boots (worn)
Jewellery
 j - an amulet of the acrobat (around neck)
 K - a ring of magical power (left hand)
 T - a ring of protection from cold
Wands
 z - a wand of mindburst (7)
 D - a wand of flame (23)
 F - a wand of polymorph (12)
 G - a wand of charming (6)
Scrolls
 d - a scroll of fog
 g - a scroll of teleportation
 o - a scroll of amnesia
 B - 2 scrolls of magic mapping
 C - 2 scrolls of immolation
 U - a scroll of blinking
Potions
 b - 3 potions of magic
 f - 3 potions of attraction {unknown}
 k - 4 potions of brilliance {unknown}
 l - a potion of cancellation
 q - a potion of invisibility {unknown}
 r - 4 potions of curing
 u - 14 potions of ambrosia
 v - a potion of flight
 w - 4 potions of lignification {unknown}
 x - 2 potions of haste
 E - 3 potions of heal wounds {unknown}
 I - 8 potions of degeneration


   Skills:
 + Level 6.9 Fighting
 - Level 2.0(3.4) Short Blades
 + Level 4.4(4.7) Long Blades
 - Level 3.0 Throwing
 + Level 6.3 Armour
 - Level 6.0 Dodging
 - Level 3.0 Stealth
 * Level 7.6 Shields
 + Level 6.6 Spellcasting
 + Level 8.1 Conjurations
 + Level 3.6 Translocations
 - Level 6.0 Invocations
 + Level 3.8 Evocations


You had 17 spell levels left.
You knew the following spells:

 Your Spells              Type           Power      Damage    Failure   Level
a - Magic Dart            Conj           100%       1d8       1%          1
b - Searing Ray           Conj           86%        2d7       1%          2
c - Iskenderun's Mystic   Conj/Tloc      33%        2d8       34%         4

Your spell library contained the following spells:

 Spells                   Type           Power      Damage    Failure   Level
 Dazzling Flash           Conj/Hex       50%        N/A       22%         3
 Volatile Blastmotes      Fire/Tloc      30%        2d12      50%         3
 Fulminant Prism          Conj/Hex       12%        3d9       58%         4
 Frozen Ramparts          Ice            14%        1d3       75%         3
 Ozocubu's Armour         Ice            7%         N/A       75%         3
 Ice Form                 Ice/Tmut       7%         N/A       98%         4
 Summon Ice Beast         Ice/Summ       7%         N/A       98%         4
 Freezing Cloud           Conj/Ice/Air   9%         6-21      98%         5
 Lee's Rapid Deconstruct  Erth           3%         3d5*      100%        5
 Conjure Ball Lightning   Conj/Air       12%        3x3d6     100%        6
 Statue Form              Tmut/Erth      4%         N/A       100%        6
 Ozocubu's Refrigeration  Ice            3%         4d8       100%        7


Dungeon Overview and Level Annotations

Branches:
Dungeon (11/15)            Temple (1/1) D:5            Lair (0/5) D:11
    Orc (0/2) D:11         Bailey (visited)

Altars:
Ashenzari
Cheibriados
Dithmenos
Elyvilon
Fedhas
Gozag
Hepliaklqana
Kikubaaqudgha
Makhleb
Nemelex Xobeh
Okawaru
Qazlal
Ru
Sif Muna
Trog
Uskayaw
Vehumet
Wu Jian
Xom
Yredelemnul
Zin
The Shining One

Shops:
D:5 ((*


Message History

You kill the orc warrior!
The searing ray hits something. (Press . to maintain the ray.)
The red ugly thing kicks you.
You are engulfed in flames!!
The searing ray hits the red ugly thing!
The red ugly thing is severely wounded.
The searing ray hits something.
You block the red ugly thing's attack.
The searing ray hits the red ugly thing.
The red ugly thing is severely wounded.
The searing ray hits something.
The searing ray hits the gnoll sergeant!
The gnoll sergeant is moderately wounded.
The red ugly thing kicks you.
You are engulfed in flames!!
* * * LOW HITPOINT WARNING * * *
The searing ray hits the red ugly thing!
The red ugly thing is almost dead.
The searing ray hits something.
The searing ray hits the gnoll sergeant.
The gnoll sergeant is heavily wounded.
You finish channelling your searing ray.
The red ugly thing barely misses you.
Casting: Searing Ray (safe; 1% risk of failure)
Confirm with . or Enter, or press ? or * to list all spells.
Aiming: Searing Ray (safe; 1% risk of failure)
Press: ? - help, Shift-Dir - straight line, f/p - red ugly thing
Aim: a red ugly thing (almost dead, 82% to hit)
The searing ray hits the red ugly thing.
The red ugly thing is almost dead.
The searing ray hits the gnoll sergeant.
The gnoll sergeant is severely wounded. (Press . to maintain the ray.)
You block the red ugly thing's attack.
The searing ray misses the red ugly thing.
The searing ray hits the gnoll sergeant!
You kill the gnoll sergeant!
The red ugly thing kicks you!
* * * LOW HITPOINT WARNING * * *
You are engulfed in flames!
You die...
Your body disappears without a glow.

♣♣.♣♣
♣...♣
♣♣.♣♣
♣...♣
♣♣.♣♣
#.#
♣♣.♣♣
♣...♣#
#.#@#.#
#.#u#.#
# #{#.#
#)#.#
#.#.#
#.#.#
#:#.#
#.#.#


You could see a red ugly thing.

Vanquished Creatures
  3 two-headed ogres
  A boulder beetle (D:11)
  An elephant (D:11)
  Maurice (D:9)
  An unseen horror (D:11)
  2 komodo dragons
  A queen bee (D:10)
  A troll (D:11)
  Grinder (D:5)
  A water elemental (D:11)
  A wraith (D:10)
  6 yaks (D:11)
  3 shadows
  4 wyverns
  A basilisk (D:11)
  5 humans (D:9)
  A vampire mosquito (D:11)
  An acid dragon (D:9)
  3 water moccasins
  2 ice beasts
  A black bear (D:11)
  13 orc warriors
  A sky beast (D:7)
  4 ogres
  4 centaurs
  6 kobold brigands
  A phantom (D:6)
  4 bullfrogs
  3 gnoll sergeants
  Blork the orc (D:5)
  5 scorpions
  15 wights
  29 killer bees
  An electric eel (D:11)
  7 howler monkeys
  2 gnoll boudas
  3 orc priests
  3 hounds
  4 sleepcaps (D:6)
  6 iguanas
  Natasha (thrice) (D:3)
  4 orc wizards
  22 gnolls
  3 adders
  2 shadow imps
  3 white imps
  An ufetubus (D:6)
  A worm (D:5)
  3 dart slugs
  27 orcs
  6 ball pythons
  4 endoplasms
  A giant cockroach (D:1)
  9 goblins
  7 hobgoblins
  4 jackals (D:5)
  18 kobolds
  5 quokkas
  7 bats
  5 frilled lizards
  2 rats
290 creatures vanquished.

Vanquished Creatures (others)
  11 plants (D:11)
11 creatures vanquished.

Grand Total: 301 creatures vanquished

Notes
Turn   | Place    | Note
-------+----------+-------------------------------------------
     0 | D:1      | Lobster4 the Human Conjurer began the quest for the Orb.
     0 | D:1      | Reached XP level 1. HP: 13/13 MP: 3/3
   231 | D:1      | You fall into a shaft and drop 1 floor!
   299 | D:2      | Reached XP level 2. HP: 20/20 MP: 1/5
   667 | D:1      | Reached XP level 3. HP: 25/25 MP: 2/6
  1394 | D:2      | Reached skill level 1 in Fighting
  1481 | D:2      | Reached skill level 1 in Armour
  1484 | D:2      | Learned a level 2 spell: Searing Ray
  1519 | D:2      | Reached XP level 4. HP: 32/32 MP: 2/7
  1790 | D:2      | Got the Textbook on Variation and Blasts
  2312 | D:3      | Reached XP level 5. HP: 37/37 MP: 1/8
  2483 | D:3      | Noticed an ogre
  2501 | D:3      | Killed an ogre
  2502 | D:3      | Reached skill level 1 in Short Blades
  2502 | D:3      | Reached XP level 6. HP: 22/44 MP: 1/10
  2590 | D:3      | Found an opulent altar of Gozag.
  3073 | D:3      | Noticed Natasha
  3095 | D:3      | Killed Natasha
  3196 | D:3      | Found a faded altar of an unknown god.
  3259 | D:3      | Noticed Natasha
  3264 | D:3      | Killed Natasha
  3432 | D:3      | Noticed Natasha
  3438 | D:3      | Killed Natasha
  3710 | D:4      | Found an iron altar of Okawaru.
  3757 | D:4      | Reached XP level 7. HP: 51/51 MP: 4/11
  4053 | D:4      | Reached skill level 5 in Conjurations
  4921 | D:5      | Entered Level 5 of the Dungeon
  5135 | D:5      | Found a staircase to the Ecumenical Temple.
  5151 | Temple   | Entered the Ecumenical Temple
  5296 | Temple   | Became a worshipper of Nemelex Xobeh the Trickster
  5369 | D:5      | Reached XP level 8. HP: 58/58 MP: 0/13
  5471 | D:5      | Found Iboariah's Antique Weapon Emporium.
  5487 | D:5      | Found Ettettoa's Antique Weapon Emporium.
  5497 | D:5      | Noticed Grinder
  5525 | D:5      | Killed Grinder
  5526 | D:5      | Reached skill level 1 in Throwing
  5526 | D:5      | Reached skill level 1 in Invocations
  5573 | D:5      | Noticed Blork the orc
  6100 | D:5      | Found Nefah's General Store.
  6162 | D:5      | Bought a scroll of noise for 13 gold pieces
  6188 | D:5      | Killed Blork the orc
  6440 | D:5      | Reached XP level 9. HP: 65/65 MP: 15/15
  6966 | D:5      | Reached skill level 6 in Conjurations
  7020 | D:5      | Bought a scroll of teleportation for 39 gold pieces
  7230 | D:6      | Identified a scroll of acquirement
  7230 | D:6      | Acquired the +5 Storm Queen's Shield {shock, Fly rElec}
  7230 | D:6      | Found the +5 Storm Queen's Shield {shock, Fly rElec}
  7382 | D:6      | Reached * piety under Nemelex Xobeh
  7429 | D:5      | Reached skill level 1 in Shields
  7811 | D:6      | Reached skill level 5 in Dodging
  7894 | D:6      | Received a gift from Nemelex Xobeh
  8829 | D:7      | Reached XP level 10. HP: 60/73 MP: 11/17
  9068 | D:7      | Reached skill level 5 in Spellcasting
  9069 | D:7      | Reached skill level 5 in Fighting
  9077 | D:7      | Reached skill level 5 in Armour
  9464 | D:7      | Received a gift from Nemelex Xobeh
  9474 | D:7      | Found a glowing silver altar of Zin.
  9474 | D:7      | Found a white marble altar of Elyvilon.
  9474 | D:7      | Found a glowing golden altar of the Shining One.
  9486 | D:7      | Learned a level 4 spell: Iskenderun's Mystic Blast
  9956 | D:7      | Reached skill level 1 in Long Blades
 10399 | D:8      | Noticed a two-headed ogre
 10562 | D:8      | Reached skill level 1 in Translocations
 11068 | D:8      | Reached ** piety under Nemelex Xobeh
 11150 | D:8      | Received a gift from Nemelex Xobeh
 11200 | D:8      | Killed a two-headed ogre
 11201 | D:8      | Reached skill level 7 in Conjurations
 11908 | D:9      | Reached skill level 5 in Shields
 11908 | D:9      | Reached XP level 11. HP: 76/81 MP: 19/19
 11910 | D:9      | Reached skill level 1 in Evocations
 11925 | D:9      | Found a flagged portal.
 11941 | Bailey   | Entered a bailey
 11999 | Bailey   | Identified the +5 plate armour of Vlad {Regen+ rCorr Int+4}
 12453 | Bailey   | Found a bloodstained altar of Trog.
 12461 | Bailey   | Identified the +6 war axe of Xykiek {heavy, Str+3}
 12742 | D:9      | Reached skill level 5 in Invocations
 12894 | D:9      | Noticed Maurice
 13308 | D:9      | Noticed a two-headed ogre
 13332 | D:9      | Killed a two-headed ogre
 13756 | D:9      | Killed Maurice
 13839 | D:10     | Entered Level 10 of the Dungeon
 14440 | D:10     | Reached *** piety under Nemelex Xobeh
 14492 | D:10     | Found a blossoming altar of Fedhas.
 14492 | D:10     | Found a shadowy altar of Dithmenos.
 14493 | D:10     | Found a broken altar of Ashenzari.
 14494 | D:10     | Found a snail-covered altar of Cheibriados.
 14495 | D:10     | Found a radiant altar of Vehumet.
 14561 | D:10     | Received a gift from Nemelex Xobeh
 14993 | D:11     | Reached XP level 12. HP: 46/89 MP: 20/21
 15214 | D:11     | Found a staircase to the Lair.
 15377 | D:11     | Found a staircase to the Orcish Mines.
 15640 | D:11     | Noticed a two-headed ogre
 15656 | D:11     | HP: 4/89 [two-headed ogre/+0 giant club (19)]
 15656 | D:11     | Killed a two-headed ogre
 15945 | D:11     | Reached skill level 8 in Conjurations
 16225 | D:11     | Noticed a boulder beetle
 16233 | D:11     | Killed a boulder beetle
 16242 | D:11     | Slain by a red ugly thing

Illustrated notes

Levels and vault maps discovered:
D:1:      doesnt_arrival_eight_statues, layout_basic
D:2:      layout_loops_cross, nicolae_concentric_dashed_squares_wild,
          minmay_misc_feat_columns, uniq_robin
D:3:      layout_loops_corners, mainiacjoe_overflow_small_starburst,
          shapermc_ecumenical_altar_totnotflames, minivault_26, uniq_natasha
D:4:      layout_basic, okawaru_gym_becter
D:5:      layout_loops_ring, minmay_temple_entry_junction, serial_shops,
          nicolae_shop_statue_plus, shop, nicolae_shop_hallway_plus,
          uniq_blork_the_orc, uniq_grinder
D:6:      layout_gridville
D:7:      layout_rooms, dreamdust_divine_triumvirate, nicolae_underground_beach
D:8:      layout_loops_ring
D:9:      layout_roguey, enter_bailey_7, minmay_ruffians, uniq_maurice
D:10:     layout_loops_ring, minitemple, special_room [special_room_bee]
D:11:     nzn_winding_woodlands_huge [nzn_winding_woodlands_5x15_twine,
          nzn_winding_woodlands_5x15_pool, nzn_winding_woodlands_5x15_longhouse,
          nzn_winding_woodlands_5x15_zeroes,
          nzn_winding_woodlands_5x15_pathside_ponds,
          nzn_winding_woodlands_5x15_default, nzn_winding_woodlands_5x15_garden,
          nzn_winding_woodlands_5x15_default,
          nzn_winding_woodlands_5x15_lazy_stream,
          nzn_winding_woodlands_5x15_split_checker,
          nzn_winding_woodlands_center_pierced_h,
          nzn_winding_woodlands_center_lodge,
          nzn_winding_woodlands_15x15_thick_spiral], layout_basic,
          david_lair_generic, orc_0_dummy, serial_shops, shop,
          kennysheep_pointless_box, lemuel_nasty_fountain
Temple:   nicolae_temple_godzebo

Skill      XL: |  1  2  3  4  5  6  7  8  9 10 11 12 |
---------------+-------------------------------------+-----
Fighting       | 1 2 3 4 5 6 |  6.9
Armour         | 1 2 3 4 5 6 |  6.3
Short Blades   | 1 2 |  2.0
Stealth        | 3 |  3.0
Dodging        | 3 4 5 6 |  6.0
Spellcasting   | 3 4 5 6 |  6.6
Conjurations   | 5 6 7 8 |  8.1
Throwing       | 2 3 |  3.0
Invocations    | 2 3 4 5 6 |  6.0
Shields        | 3 5 6 7 |  7.6
Long Blades    | 2 3 4 |  4.4
Translocations | 2 3 |  3.6
Evocations     | 3 |  3.8

Action                     |  1- 3 |  4- 6 |  7- 9 | 10-12 || total
---------------------------+-------+-------+-------+-------++-------
  Melee: Dagger            |     5 |     9 |    39 |    73 ||   126
         Punch             |       |       |       |     1 ||     1
         Rapier            |       |       |       |    57 ||    57
  Throw: Throwing net      |       |     2 |     3 |     2 ||     7
         Dart              |       |     1 |    29 |    19 ||    49
   Cast: Magic Dart        |    55 |    70 |    97 |   107 ||   329
         Searing Ray       |       |    12 |    61 |   129 ||   202
 Invoke: Draw Destruction  |       |       |       |     1 ||     1
    Use: Scroll            |       |     4 |    11 |     2 ||    17
         Potion            |       |       |     1 |     1 ||     2
   Stab: Sleeping          |       |     1 |       |     1 ||     2
         Held in net/web   |       |       |     1 |     1 ||     2
 Armour: Robe              |     2 |     2 |     6 |    13 ||    23
         Leather armour    |       |       |       |    35 ||    35
         Troll leather arm |       |       |       |     5 ||     5
  Dodge: Dodged            |     8 |    12 |    85 |   187 ||   292
  Block: Kite shield       |       |       |       |   228 ||   228

Table legend: (Time is in decaauts)
 A = Elapsed time spent in this place.
 B = Non-inter-level travel time spent in this place.
 C = Inter-level travel time spent in this place.
 D = Time resting spent in this place.
 E = Time spent auto-exploring this place.
 F = Levels seen in this place.
 G = Mean time per level.
                   A        B        C        D        E       F      G
               +--------+--------+--------+--------+--------+-----+--------+
         Total |  16286 |  15530 |    756 |   2991 |   9939 |  13 | 1252.8 |
       Dungeon |  15515 |  14799 |    716 |   2818 |   9556 |  11 | 1410.5 |
        Temple |    174 |    134 |     40 |      0 |    126 |   1 |  174.0 |
        Bailey |    596 |    596 |      0 |    173 |    257 |   1 |  596.0 |
               +--------+--------+--------+--------+--------+-----+--------+

Top non-repeatable levels by time:
     D:5: 2108 daAuts
     D:9: 1742 daAuts
     D:6: 1613 daAuts
     D:4: 1605 daAuts
     D:7: 1520 daAuts
     D:3: 1417 daAuts
     D:2: 1283 daAuts
     D:8: 1179 daAuts
    D:11: 1171 daAuts
    D:10: 1100 daAuts
     D:1: 772 daAuts
  Bailey: 596 daAuts
  Temple: 174 daAuts
